 Dungeon Crawl Stone Soup version 0.19-a0-27-g415f530 (webtiles) character file.

305 Eucla the Slasher (level 6, -3/64 HPs)
             Began as an Octopode Gladiator on May 1, 2016.
             Was a Follower of Trog.
             Slain by an orc
             ... wielding a +0 whip
              (8 damage)
             ... on level 4 of the Dungeon.
             The game lasted 00:06:01 (3210 turns).

Eucla the Slasher (Octopode Gladiator)              Turns: 3210, Time: 00:06:02

Health: -3/64      AC:  1    Str: 21    XL:     6   Next: 39%
Magic:  6/6        EV: 13    Int: 10    God:    Trog [*.....]
Gold:   169        SH:  0    Dex: 13    Spells: 0 memorised, 5 levels left

rFire  . . .     SeeInvis .     a - +0 long sword
rCold  . . .     Gourm    .     (no shield)
rNeg   . . .     Faith    .     b - +0 hat
rPois  .         Spirit   .     (no amulet)
rElec  .         Dismiss  .     (no ring)
rCorr  .         Reflect  .     (no ring)
SustAt .         Harm     .     (no ring)
MR     .....                    (no ring)
Stlth  ..........               (no ring)
                                (no ring)
                                (no ring)
                                (no ring)

@: berserking, very quick, not resistant to hostile enchantments, extremely
unstealthy
A: almost no armour, amphibious, 8 rings, constrict 8, camouflage 1, gelatinous
body 1
a: Berserk, Burn Spellbooks, Renounce Religion


You were on level 4 of the Dungeon.
You worshipped Trog.
Trog was aware of your devotion.
You were not hungry.

You visited 1 branch of the dungeon, and saw 4 of its levels.

You collected 169 gold pieces.

Inventory:

Hand Weapons
 a - a +0 long sword (weapon)
 o - a +0 blowgun
 r - a +0 falchion
Missiles
 c - 4 throwing nets (quivered)
 m - 12 poisoned needles
Armour
 b - a +0 hat (worn)
 k - a +0 shield
Scrolls
 e - 3 scrolls of identify {unknown}
 f - 2 scrolls of teleportation {unknown}
 i - a scroll of remove curse {unknown}
 j - a scroll of recharging {unknown}
 l - a scroll of amnesia {unknown}
 n - a scroll of fog {unknown}
 s - a scroll of fear {unknown}
Potions
 g - 3 potions of curing
 q - a potion of might {unknown}
Comestibles
 d - a bread ration
 h - a meat ration


   Skills:
 + Level 4.1 Fighting
 * Level 5.9 Long Blades
 - Level 2.0 Throwing
 - Level 3.0 Dodging


You had 5 spell levels left.
You didn't know any spells.

Dungeon Overview and Level Annotations

Branches:
Dungeon (4/15)
 Temple: D:4-7

Altars:
Ashenzari
Elyvilon
Makhleb
Pakellas
Trog
Xom


Innate Abilities, Weirdness & Mutations

You cannot wear most types of armour.
You are amphibious.
You can wear up to eight rings at the same time.
You can use your tentacles to constrict eight enemies at once.
Your skin changes colour to match your surroundings (Stealth).
Your rubbery body absorbs attacks (AC +1).


Message History

Unknown command.
The orc shouts!
You slash the orc wizard!
You kill the orc wizard!
Trog accepts your kill.
Trog appreciates your killing of a magic user.
The orc misses you.
Unknown command.
You closely miss the orc. Your grab misses the orc. The orc barely misses you.
Unknown command.
You barely miss the orc wizard. Your grab misses the orc wizard.
The orc wizard hits you but does no damage.
Unknown command.
You closely miss the orc wizard. You grab the orc wizard.
You squeeze the orc wizard!
You kill the orc wizard!
Trog accepts your kill.
Trog appreciates your killing of a magic user.
The orc hits you with a whip!
You die...

.# .. .### ...# .#.#
##.#.# +# #..#.# .# #
#.##.###### .######
#.##>##.@)≈≈≈#.
......###......≈o)..o≈.#
.......#####.#.≈)§.§.≈.#
...##..#####.#.≈.§§..≈....
.............##≈.§..†≈####
.#.##..########≈≈...≈≈#
...##..# ##≈≈≈≈≈##
.####..# ####### .......#


You could see 2 orcs.

Vanquished Creatures
  A giant frog skeleton (D:4)
  4 orc wizards
  Jessica (D:3)
  2 adders (D:3)
  3 oozes
  5 worms
  5 dart slugs
  2 giant geckos
  8 orcs (D:3)
  6 giant cockroaches
  7 goblins
  8 hobgoblins
  9 kobolds
  2 quokkas
  6 bats
  5 giant newts
  7 rats
81 creatures vanquished.

Vanquished Creatures (others)
  An ogre (D:4)
  An iguana (D:4)
  An ooze (D:4)
  3 orcs (D:4)
  A giant cockroach (D:4)
  A quokka (D:4)
8 creatures vanquished.

Grand Total: 89 creatures vanquished

Notes
Turn   | Place    | Note
--------------------------------------------------------------
     0 | D:1      | Eucla the Octopode Gladiator began the quest for the Orb.
     0 | D:1      | Reached XP level 1. HP: 14/14 MP: 1/1
   194 | D:1      | Reached XP level 2. HP: 19/19 MP: 2/2
   200 | D:1      | Found a shattered altar of Ashenzari.
   486 | D:1      | Reached XP level 3. HP: 9/25 MP: 3/3
   808 | D:2      | Reached skill level 4 in Long Blades
   916 | D:2      | Found a burning altar of Makhleb.
  1365 | D:2      | Found an oddly glowing altar of Pakellas.
  1397 | D:2      | Noticed a moth of wrath
  1400 | D:2      | Found a bloodstained altar of Trog.
  2002 | D:2      | Reached XP level 4. HP: 21/31 MP: 4/4
  2105 | D:2      | Became a worshipper of Trog the Wrathful
  2263 | D:3      | Noticed Jessica
  2270 | D:3      | Killed Jessica
  2298 | D:3      | Found a white marble altar of Elyvilon.
  2572 | D:3      | Reached XP level 5. HP: 36/36 MP: 5/5
  2689 | D:3      | Reached skill level 5 in Long Blades
  2754 | D:3      | Reached * piety under Trog
  3117 | D:4      | Killed an ogre
  3156 | D:4      | Found a shimmering altar of Xom.
  3202 | D:4      | Reached XP level 6. HP: 20/43 MP: 6/6
  3210 | D:4      | Slain by an orc

Vault maps used:
D:1:      minmay_arrival_diagonal_passages, minmay_statues_item,
          nicolae_ashenzari_panopticon
D:2:      overflow_temple_1_default, tgw_trog, grunt_pakellas_basics,
          minmay_misc_feat_columns
D:3:      elyvilon_altar_5, hangedman_decor_peaks_small, uniq_jessica
D:4:      old_forge, xom_confusion_cloud, minmay_temple_entry_overgrown

Skill      XL: |  1  2  3  4  5 |
---------------+----------------+-----
Long Blades    | 4 5 |  5.9
Fighting       | 3 4 |  4.1
Throwing       | |  2.0
Dodging        | |  3.0

Action                   |  1- 3 |  4- 6 || total
-------------------------+-------+-------++-------
Melee: Long sword        |    77 |   102 ||   179
       Constrict         |    20 |    19 ||    39
       Tentacles         |     7 |    11 ||    18
Invok: Berserk           |       |     1 ||     1
  Use: Potion            |       |     2 ||     2
 Stab: Sleeping          |     5 |     2 ||     7
       Distracted        |     3 |       ||     3
  Eat: Chunk             |     3 |     3 ||     6
       Meat ration       |       |     1 ||     1
Armor: Skin              |     5 |    28 ||    33
Dodge: Dodged            |    46 |    56 ||   102
